 Dungeon Crawl Stone Soup version 0.30-a0-1075-gcd70e7a56d (webtiles) character file.

Game seed: 6665619043113687836

6113 cforsyth the Summoner (level 10, -4/56 HPs)
             Began as an Octopode Summoner on Apr 14, 2023.
             Was an Initiate of Gozag.
             Slain by an ice beast (7 damage)
             ... on level 9 of the Dungeon.
             The game lasted 00:23:42 (11671 turns).

cforsyth the Summoner (Octopode Summoner)          Turns: 11671, Time: 00:23:43

Health: -4/56      AC:  1    Str:  9    XL:     10   Next: 89%
Magic:  24/24      EV: 13    Int: 33    God:    Gozag
Gold:   641        SH:  0    Dex: 13    Spells: 15/29 levels left

rFire   . . .      SeeInvis .    g - +1 short sword (spect)
rCold   . . .      Faith    .    (no shield)
rNeg    . . .      Spirit   .    (helmet restricted)
rPois   +          Reflect  .    (no amulet)
rElec   .          Rampage  .    b - ring of poison resistance
rCorr   .                        l - +6 ring of intelligence
Will    .....                    B - ring "Uhawuuc" {Fly Str+2 Int+5 Stlth+}
Stlth   ++++                     (no ring)
HPRegen 0.29/turn                (no ring)
MPRegen 0.19/turn                (no ring)
                                 (no ring)
                                 (no ring)

@: flying
A: almost no armour, amphibious, 8 rings, camouflage 1, gelatinous body 1,
(nimble swimmer 1), tentacles
a: Renounce Religion, Potion Petition, Call Merchant, Bribe Branch


You were on level 9 of the Dungeon.
You worshipped Gozag.
Gozag was pleased with you.
You visited 2 branches of the dungeon, and saw 10 of its levels.
You also visited: Sewer and Ossuary.

You collected 802 gold pieces.
You paid 161 gold pieces to Gozag.

Inventory:

Hand Weapons
 g - a +1 spectral short sword (weapon)
Jewellery
 b - a ring of poison resistance (left tentacle)
 l - a +6 ring of intelligence (right tentacle)
 v - an amulet of guardian spirit
 B - the ring "Uhawuuc" (on tentacle) {Fly Str+2 Int+5 Stlth+}
   (You found it on level 7 of the Dungeon)

   [ring of flight]

   Str:       It affects your strength (+2).
   Int:       It affects your intelligence (+5).
   Fly:       It grants you flight.
   Stlth:     It makes you more stealthy.
Wands
 i - a wand of paralysis (13)
 y - a wand of flame (10)
 z - a wand of roots (15)
Scrolls
 d - a scroll of vulnerability
 n - 4 scrolls of teleportation {unknown}
 o - 2 scrolls of fear
 p - 2 scrolls of magic mapping {unknown}
 s - 2 scrolls of fog
 t - 2 scrolls of poison {unknown}
 u - 2 scrolls of brand weapon
 x - 2 scrolls of enchant weapon
 A - 4 scrolls of identify
 C - a scroll of blinking {unknown}
Potions
 a - 5 potions of magic
 c - 6 potions of mutation
 e - 4 potions of cancellation
 f - 8 potions of heal wounds
 h - 4 potions of might
 j - 3 potions of curing {unknown}
 k - 6 potions of haste
 m - 3 potions of invisibility
 q - 4 potions of lignification {unknown}
 r - 2 potions of ambrosia {unknown}
 w - a potion of resistance {unknown}
 D - a potion of brilliance {unknown}


   Skills:
 - Level 2.0 Dodging
 - Level 2.6 Stealth
 + Level 10.1 Spellcasting
 - Level 3.0 Hexes
 + Level 11.4 Summonings
 - Level 4.0 Air Magic


You had 15 spell levels left.
You knew the following spells:

 Your Spells              Type           Power      Damage    Failure   Level
a - Summon Small Mammal   Summ           100%       N/A       1%          1
b - Call Imp              Summ           100%       N/A       1%          2
c - Call Canine Familiar  Summ           75%        N/A       1%          3
d - Summon Guardian Gole  Hex/Summ       59%        N/A       1%          3
e - Summon Lightning Spi  Summ/Air       61%        N/A       1%          4
f - Magic Dart            Conj           64%        1d6       2%          1

Your spell library contained the following spells:

 Spells                   Type           Power      Damage    Failure   Level
 Poisonous Vapours        Pois/Air       58%        N/A       1%          2
 Mephitic Cloud           Conj/Pois/Air  25%        N/A       4%          3
 Summon Forest            Summ/Tloc      26%        N/A       8%          5
 Vampiric Draining        Necr           16%        2d7       9%          3
 Summon Hydra             Summ           37%        N/A       22%         7
 Manifold Assault         Tloc           16%        N/A       28%         4
 Dispersal                Tloc           8%         N/A       99%         6
 Eringya's Noxious Bog    Tmut/Pois      8%         N/A       99%         6
 Borgnjor's Revivificati  Necr           8%         N/A       100%        8
 Disjunction              Tloc           8%         N/A       100%        8


Dungeon Overview and Level Annotations

Branches:
Dungeon (9/15)             Temple (1/1) D:5           Sewer (visited)
Ossuary (visited)
   Lair: D:8-11         Orc: D:9-12

Altars:
Ashenzari
Cheibriados
Dithmenos
Elyvilon
Gozag
Hepliaklqana
Kikubaaqudgha
Makhleb
Nemelex Xobeh
Okawaru
Qazlal
Ru
Sif Muna
Trog
Uskayaw
Vehumet
Wu Jian
Xom
Yredelemnul
Zin
The Shining One


Innate Abilities, Weirdness & Mutations

You cannot wear most types of armour.
You are amphibious.
You can wear up to eight rings at the same time.
Your skin changes colour to match your surroundings (Stealth+).
Your rubbery body absorbs attacks. (AC +1, EV +1)
((You are camouflaged when in or above water. (Stealth+)))
You have tentacles for arms and can constrict up to eight enemies at once.


Message History

An ufetubus is nearby!
An ufetubus is nearby!
An ufetubus is nearby!
An ice beast comes into view.
The helpless ufetubus fails to defend itself.
You hit the ufetubus. You grab the ufetubus.
The ufetubus is moderately wounded.
Your +1 spectral short sword hits the ufetubus.
You constrict the ufetubus. The ufetubus hits you. x3
The ufetubus closely misses you.
You hit the ufetubus but do no damage. You squeeze the ufetubus.
You kill the ufetubus!
You see here 5 gold pieces.
The helpless ice beast fails to defend itself.
You puncture the ice beast!
The ice beast is moderately wounded.
Your +1 spectral short sword hits the ice beast but does no damage.
The ice beast hits you. The ice beast freezes you!
You hit the ice beast.
The ice beast is moderately wounded.
Your +1 spectral short sword hits the ice beast but does no damage.
The ice beast hits you. The ice beast freezes you!
You barely miss the ice beast. You squeeze the ice beast.
The ice beast is moderately wounded.
Your +1 spectral short sword hits the ice beast but does no damage.
The ice beast hits you. The ice beast freezes you!
* * * LOW HITPOINT WARNING * * *
You hit the ice beast. Your squeeze misses the ice beast.
The ice beast is moderately wounded.
Your +1 spectral short sword hits the ice beast but does no damage.
The ice beast is distracted by your dazzling golden aura.
You hit the ice beast but do no damage.
The ice beast is no longer distracted by gold.
The ice beast is moderately wounded.
Your +1 spectral short sword hits the ice beast but does no damage.
The ice beast hits you.
* * * LOW HITPOINT WARNING * * *
The ice beast freezes you!
You die...
Your body crumbles into a pile of gold.

#....#..
#......#
#......+
#......#
#......#
#......#
#####......#
#...@...##.#
#.(Y.......#
##.........#
##........#
##.$8....#
#.......#
##......#
#......#
##......#


You could see an ice beast and a friendly +1 spectral short sword (summoned).

Vanquished Creatures
  A phantom (D:4)
  A bullfrog (D:9)
  2 kobold brigands (Sewer)
  A scorpion (D:7)
  2 water moccasin zombies (Ossuary)
  A howler monkey (D:7)
  A hound (D:7)
  An iguana (D:4)
  2 mummies (Ossuary)
  A gnoll (D:7)
  A river rat (D:3)
  6 adders
  3 ufetubi
  An adder zombie (Sewer)
  A worm (D:3)
  2 dart slugs
  6 orcs
  4 ball pythons
  3 bats (D:1)
  7 endoplasms
  6 giant cockroaches
  2 goblins (D:2)
  2 hobgoblins
  2 jackals (D:2)
  3 quokkas
  3 frilled lizards
  2 gnoll zombies (Ossuary)
  A hobgoblin zombie (Ossuary)
  7 kobolds
  3 kobold zombies
  An orc zombie (Ossuary)
  3 rats
82 creatures vanquished.

Vanquished Creatures (collateral kills)
  A troll (D:7)
  Grinder (Sewer)
  2 wyverns
  A yak (D:7)
  A steam dragon (D:9)
  2 water moccasins (D:7)
  2 sky beasts (D:7)
  5 orc warriors
  A black bear (D:7)
  5 ice beasts
  3 centaurs
  An ogre (D:6)
  A wolf (D:9)
  3 kobold brigands
  A bullfrog (D:8)
  5 scorpions
  2 gnoll sergeants
  3 wights (D:8)
  Dowan (D:6)
  3 howler monkeys
  3 hounds
  4 jellies
  A quasit (Sewer)
  2 orc priests
  4 iguanas
  A sleepcap (D:5)
  4 orc wizards
  7 gnolls
  5 adders
  4 shadow imps
  3 white imps
  2 ufetubi
  4 adder zombies (Ossuary)
  2 worms
  A dart slug (D:5)
  41 orcs
  2 ball pythons
  3 bats
  2 endoplasms (D:2)
  2 giant cockroaches
  3 goblins
  5 hobgoblins
  2 jackals (D:2)
  28 kobolds
  2 quokkas
  3 frilled lizards
  3 gnoll zombies (Ossuary)
  3 hobgoblin zombies (Ossuary)
  3 kobold zombies (Ossuary)
  4 orc zombies (Ossuary)
  2 rats (D:1)
199 creatures vanquished.

Vanquished Creatures (others)
  A hornet (D:9)
  A wyvern (D:7)
  A water moccasin (D:5)
  Duvessa (D:6)
  An ogre (D:5)
  2 wights (D:8)
  A white imp (D:9)
  2 endoplasms (Sewer)
  A giant cockroach zombie (Sewer)
11 creatures vanquished.

Grand Total: 292 creatures vanquished

Notes
Turn   | Place    | Note
-------+----------+-------------------------------------------
     0 | D:1      | cforsyth the Octopode Summoner began the quest for the Orb.
     0 | D:1      | Reached XP level 1. HP: 11/11 MP: 3/3
    32 | D:1      | Got the Handbook of Venin and Darkness
   188 | D:1      | Reached XP level 2. HP: 17/17 MP: 1/5
   529 | D:1      | Learned a level 2 spell: Call Imp
   557 | D:1      | Reached XP level 3. HP: 19/21 MP: 2/6
   561 | D:1      | Learned a level 3 spell: Call Canine Familiar
  1320 | D:2      | Reached XP level 4. HP: 23/27 MP: 8/8
  1391 | D:2      | Learned a level 1 spell: Magic Dart
  1469 | D:2      | Found an ornate altar of the Wu Jian Council.
  2066 | D:3      | Reached skill level 5 in Summonings
  2268 | D:3      | Found a stormy altar of Qazlal.
  2468 | D:3      | Found a glowing drain.
  2473 | D:3      | Reached XP level 5. HP: 24/31 MP: 6/10
  2484 | Sewer    | Entered a sewer
  2759 | Sewer    | Found a burning altar of Makhleb.
  2759 | Sewer    | Noticed a kobold brigand
  3004 | Sewer    | Killed a kobold brigand
  3005 | Sewer    | Reached XP level 6. HP: 27/36 MP: 10/12
  3010 | Sewer    | Learned a level 3 spell: Summon Guardian Golem
  3057 | Sewer    | Reached skill level 6 in Summonings
  3091 | Sewer    | Noticed Grinder
  3117 | Sewer    | Killed Grinder
  3118 | Sewer    | Reached skill level 5 in Spellcasting
  3118 | Sewer    | Reached XP level 7. HP: 37/41 MP: 4/14
  3582 | D:3      | Found a faded altar of an unknown god.
  3706 | D:3      | Found a shimmering blue altar of Sif Muna.
  3969 | D:4      | Found an iron altar of Okawaru.
  4057 | D:4      | Found a sand-covered staircase.
  4066 | D:4      | Learned a level 4 spell: Summon Lightning Spire
  4067 | Ossuary  | Entered an ossuary
  4243 | Ossuary  | Reached skill level 1 in Hexes
  4243 | Ossuary  | Reached skill level 1 in Air Magic
  4937 | D:4      | Reached skill level 7 in Summonings
  4944 | D:4      | Reached XP level 8. HP: 13/46 MP: 13/16
  5202 | D:4      | Found a basalt altar of Yredelemnul.
  5203 | D:4      | Found a radiant altar of Vehumet.
  5415 | D:5      | Entered Level 5 of the Dungeon
  5904 | D:5      | Found a staircase to the Ecumenical Temple.
  6257 | D:6      | Noticed Duvessa
  6257 | D:6      | Noticed Dowan
  6277 | D:6      | Killed Duvessa
  6287 | D:6      | Killed Dowan
  6807 | D:6      | Reached skill level 8 in Summonings
  6807 | D:6      | Reached XP level 9. HP: 51/51 MP: 18/18
  7471 | Temple   | Entered the Ecumenical Temple
  8030 | D:7      | Found a white marble altar of Elyvilon.
  8227 | D:7      | Reached skill level 9 in Summonings
  8387 | D:7      | Found a snail-covered altar of Cheibriados.
  8393 | D:7      | Found a bloodstained altar of Trog.
  8398 | D:7      | Found an ancient bone altar of Kikubaaqudgha.
  8474 | D:7      | Found a sacrificial altar of Ru.
  9082 | D:7      | Noticed a troll
  9088 | D:7      | Killed a troll
  9089 | D:7      | Reached skill level 10 in Summonings
  9089 | D:7      | Reached XP level 10. HP: 56/56 MP: 15/22
  9106 | D:7      | Identified the ring "Uhawuuc" {Fly Str+2 Int+5 Stlth+}
 10308 | D:8      | Found an opulent altar of Gozag.
 10523 | D:8      | Found a shimmering altar of Xom.
 11001 | D:8      | Became a worshipper of Gozag Ym Sagoz the Greedy
 11031 | D:9      | Reached skill level 11 in Summonings
 11227 | D:9      | Found a broken altar of Ashenzari.
 11401 | D:9      | Reached skill level 10 in Spellcasting
 11671 | D:9      | Slain by an ice beast

Illustrated notes

Levels and vault maps discovered:
D:1:      saegor_arrival_simple_b, layout_rooms, minmay_misc_feat_iff
D:2:      wander_river, layout_loops_corners, basic_altar, minmay_pentomino_z2
D:3:      layout_basic, mainiacjoe_overflow_cross_hatched,
          general_overflow_altar, basic_ecumenical_altar,
          gup_sewer_entry_bubbles, minmay_fountain_box
D:4:      layout_rooms, okawaru_gym_becter, nicolae_overflow_two_pavilions,
          serial_forest, infiniplex_forest_straight_2,
          infiniplex_forest_lined_4_way, infiniplex_forest_lined_1,
          infiniplex_forest_straight_2, infiniplex_forest_split,
          infiniplex_forest_end_2, enter_ossuary_2, st_stairs_4
D:5:      layout_basic, minmay_temple_entry_enclosed_plants,
          minmay_large_rounded_square
D:6:      layout_loops_corners, nrook_pool_corridor, grunt_decor_fettered,
          kennysheep_nub, feat_on_display, uniq_duvessa
D:7:      layout_basic, elyvilon_altar_5, nicolae_ru_sacrificial_ziggurat,
          minmay_overflow_temple_star_quad, nzn_random_ring
D:8:      layout_basic, dk_xom_monty_hall,
          nicolae_gozag_cash_rules_everything_around_me, dk_rats_in_the_wall
D:9:      layout_stronghold, amcnicky_altar_gilded, serial_ice, serial_ice_a,
          serial_ice_d, serial_ice_f, serial_ice_i, serial_ice_m, serial_ice_g,
          serial_ice_n, serial_ice_c, serial_ice_o, serial_ice_e
Temple:   nicolae_temple_two_arcs

Skill      XL: |  1  2  3  4  5  6  7  8  9 10 |
---------------+-------------------------------+-----
Spellcasting   | 3 4 5 6 8 10 | 10.1
Summonings     | 5 6 7 8 10 11 | 11.4
Hexes          | 1 3 |  3.0
Air Magic      | 1 4 |  4.0
Dodging        | |  2.0
Stealth        | |  2.6

Action                     |  1- 3 |  4- 6 |  7- 9 | 10-12 || total
---------------------------+-------+-------+-------+-------++-------
  Melee: Unarmed           |    39 |       |       |       ||    39
         Constrict         |    17 |    17 |    36 |     5 ||    75
         Tentacles         |    13 |    12 |    28 |     9 ||    62
         Punch             |     1 |       |     3 |     1 ||     5
         Short sword       |    26 |    57 |   110 |    23 ||   216
   Cast: Summon Small Mamm |    28 |     1 |    28 |    14 ||    71
         Call Imp          |     4 |    10 |    32 |    12 ||    58
         Call Canine Famil |     8 |    14 |    27 |    17 ||    66
         Summon Guardian G |       |     1 |    13 |    16 ||    30
         Summon Lightning  |       |       |     6 |    20 ||    26
    Use: Scroll            |       |    12 |     4 |       ||    16
   Stab: Sleeping          |     3 |     3 |     5 |     3 ||    14
         Distracted        |       |     2 |     3 |       ||     5
 Armour: Skin              |    10 |     2 |     9 |       ||    21
  Dodge: Dodged            |    51 |    36 |    77 |    26 ||   190

Table legend: (Time is in decaauts)
 A = Elapsed time spent in this place.
 B = Non-inter-level travel time spent in this place.
 C = Inter-level travel time spent in this place.
 D = Time resting spent in this place.
 E = Time spent auto-exploring this place.
 F = Levels seen in this place.
 G = Mean time per level.
                   A        B        C        D        E       F      G
               +--------+--------+--------+--------+--------+-----+--------+
         Total |  11668 |  11322 |    346 |    755 |   7920 |  12 |  972.3 |
       Dungeon |  10165 |   9835 |    330 |    330 |   7254 |   9 | 1129.4 |
        Temple |    107 |     92 |     15 |      0 |     88 |   1 |  107.0 |
         Sewer |    847 |    847 |      0 |    187 |    379 |   1 |  847.0 |
       Ossuary |    547 |    547 |      0 |    238 |    199 |   1 |  547.0 |
               +--------+--------+--------+--------+--------+-----+--------+

Top non-repeatable levels by time:
     D:6: 1655 daAuts
     D:8: 1634 daAuts
     D:7: 1522 daAuts
     D:2: 1199 daAuts
     D:3: 1069 daAuts
     D:4: 907 daAuts
   Sewer: 847 daAuts
     D:1: 840 daAuts
     D:5: 688 daAuts
     D:9: 647 daAuts
 Ossuary: 547 daAuts
  Temple: 107 daAuts
